 Dungeon Crawl Stone Soup version 0.24.0-13-gcf9b319 (webtiles) character file.

Game seed: 13678483366810516583, levelgen mode: deterministic

2529 Fang the Skirmisher (level 9, -15/58 HPs)
             Began as a Gargoyle Berserker on Nov 21, 2019.
             Was an Elder of Trog.
             Demolished by an ogre
             ... wielding a +0 giant club
              (25 damage)
             ... on level 7 of the Dungeon.
             The game lasted 00:05:40 (5062 turns).

Fang the Skirmisher (Gargoyle Berserker)            Turns: 5062, Time: 00:05:40

Health: -15/58     AC: 17    Str: 24    XL:     9   Next: 54%
Magic:  9/9        EV: 10    Int:  8    God:    Trog [****..]
Gold:   505        SH:  0    Dex:  9    Spells: 8/8 levels left

rFire    + . .     SeeInvis .   a - +0 war axe
rCold    . . .     Gourm    .   (no shield)
rNeg     + . .     Faith    .   b - +0 chain mail
rPois    ∞         Spirit   .   (no helmet)
rElec    +         Reflect  .   (no cloak)
rCorr    .         Harm     .   (no gloves)
MR       .....                  (no boots)
Stlth    ..........             (no amulet)
HPRegen  0.19/turn              q - ring of protection from fire
MPRegen  0.11/turn              (no ring)

@: berserk cooldown, slowed, very slow
A: negative energy resistance 1, electricity resistance, unbreathing,
petrification resistance, rot immunity, AC +6
a: Berserk, Trog's Hand, Brothers in Arms, Renounce Religion


You were on level 7 of the Dungeon.
You worshipped Trog.
Trog was greatly pleased with you.
You were very hungry.

You visited 1 branch of the dungeon, and saw 7 of its levels.

You collected 505 gold pieces.

Inventory:

Hand Weapons
 a - a +0 war axe (weapon)
Armour
 b - a +0 chain mail (worn)
Jewellery
 q - a ring of protection from fire (left hand)
Wands
 l - a wand of acid (18)
 y - a wand of scattershot (5)
Scrolls
 d - 4 scrolls of teleportation {unknown}
 f - 2 scrolls of fog {unknown}
 g - 5 scrolls of identify {unknown}
 h - a scroll of noise {unknown}
 j - 4 scrolls of amnesia {unknown}
 n - 2 scrolls of fear {unknown}
 o - a scroll of blinking {unknown}
 p - 3 scrolls of immolation {unknown}
 r - 2 scrolls of remove curse {unknown}
 s - a scroll of magic mapping {unknown}
 t - 5 scrolls of enchant armour {unknown}
 v - a scroll of random uselessness {unknown}
 x - a scroll of enchant weapon {unknown}
 A - a scroll of summoning {unknown}
Potions
 e - a potion of mutation {unknown}
 i - 2 potions of cancellation {unknown}
 k - 3 potions of might {unknown}
 m - 2 potions of curing {unknown}
 u - a potion of resistance {unknown}
 w - a potion of lignification {unknown}
Comestibles
 c - 8 rations
 z - a chunk of flesh


   Skills:
 + Level 7.7 Fighting
 + Level 6.3 Axes
 + Level 7.2 Armour
 + Level 5.4 Dodging


You had 8 spell levels left.
You didn't know any spells.
Your spell library was empty.

Dungeon Overview and Level Annotations

Branches:
Dungeon (7/15)             Temple (0/1) D:6

Altars:
Ashenzari
Kikubaaqudgha
Makhleb
The Shining One

Shops:
D:4 (*


Innate Abilities, Weirdness & Mutations

You are resistant to torment.
Your stone body is resilient. (AC +6)
You are immune to poison.
You resist negative energy. (rN+)
You are resistant to electric shocks. (rElec)
You can survive without breathing.
You are immune to petrification.
You are immune to rotting.


Message History

The killer bee is severely wounded.
The killer bee stings you but does no damage.
The killer bee stings you.
You slash the killer bee!
You kill the killer bee!
Trog accepts your kill.
A bullfrog skeleton comes into view.
The ogre hits you but does no damage.
Found 19 bolts.
You see here a hound corpse.
You slash the ogre!
The ogre is heavily wounded.
You are no longer berserk.
You are exhausted.
You feel yourself slow down. The ogre hits you with a +0 giant club!
* * * LOW HITPOINT WARNING * * *
You slash the ogre!
The ogre is severely wounded.
The ogre hits you with a +0 giant club!!
You die...

....( .# ..... .# # .....## .#
#.# .......##.## #..
....Z......#### ##..
.......%......## ###... ## #
.......O.........##.....
.##.###.... #@#.#.............
..........###.....>........#.#
..#.# ##............##.......
...........#................
..######......|.##......... #
#.# ##.......# #.....#..
#.#<######........####.......
###...........#.............#..
#........#####.###.#####..>.....


You could see an ogre and a bullfrog skeleton.

Vanquished Creatures
  Grinder (D:6)
  Eustachio (D:6)
  Edmund (D:6)
  A sky beast (D:7)
  2 phantoms (D:5)
  3 ogres
  Blork the orc (D:6)
  3 bullfrogs
  A gnoll sergeant (D:6)
  3 killer bees (D:7)
  4 scorpions
  A howler monkey (D:6)
  2 crimson imps (D:5)
  A bullfrog zombie (D:6)
  3 hounds
  An orc priest (D:4)
  5 orc wizards
  3 bullfrog skeletons
  An iguana (D:7)
  4 worker ants
  A killer bee zombie (D:7)
  14 gnolls
  5 adders
  A shadow imp (D:6)
  4 oozes
  2 worms (D:2)
  2 dart slugs
  6 leopard geckos
  14 orcs
  3 giant cockroaches
  8 goblins
  3 hobgoblins
  5 quokkas
  A ball python (D:2)
  A ball python skeleton (D:4)
  10 bats
  3 frilled lizards
  8 kobolds
  3 rats
136 creatures vanquished.

Notes
Turn   | Place    | Note
-------+----------+-------------------------------------------
     0 | D:1      | Fang the Gargoyle Berserker began the quest for the Orb.
     0 | D:1      | Reached XP level 1. HP: 14/14 MP: 1/1
    59 | D:1      | Reached XP level 2. HP: 12/19 MP: 2/2
   564 | D:2      | Reached XP level 3. HP: 20/23 MP: 3/3
   834 | D:2      | Reached ** piety under Trog
   902 | D:2      | Reached XP level 4. HP: 20/29 MP: 4/4
  1377 | D:3      | Found a shattered altar of Ashenzari.
  1660 | D:3      | Reached XP level 5. HP: 29/33 MP: 5/5
  1725 | D:4      | Found an ancient bone altar of Kikubaaqudgha.
  1897 | D:4      | Reached XP level 6. HP: 30/39 MP: 6/6
  1944 | D:4      | Reached *** piety under Trog
  2082 | D:4      | Found Wauzab's Antique Weapon Shop.
  2188 | D:4      | Found Gasien's General Store.
  2222 | D:4      | Reached skill level 5 in Fighting
  2544 | D:5      | Entered Level 5 of the Dungeon
  2600 | D:5      | Reached XP level 7. HP: 36/44 MP: 7/7
  3067 | D:5      | Reached skill level 5 in Armour
  3128 | D:5      | Found a burning altar of Makhleb.
  3469 | D:6      | Noticed Blork the orc
  3475 | D:6      | Killed Blork the orc
  3475 | D:6      | Reached XP level 8. HP: 30/51 MP: 8/8
  3609 | D:6      | Reached skill level 5 in Axes
  3641 | D:6      | Noticed Edmund
  3655 | D:6      | Killed Edmund
  3754 | D:6      | Noticed Eustachio
  3777 | D:6      | Killed Eustachio
  4044 | D:6      | Found a staircase to the Ecumenical Temple.
  4060 | D:6      | Noticed Grinder
  4069 | D:6      | Paralysed by Grinder for 2 turns
  4074 | D:6      | Paralysed by Grinder for 2 turns
  4082 | D:6      | Paralysed by Grinder for 4 turns
  4099 | D:6      | Killed Grinder
  4099 | D:6      | Reached XP level 9. HP: 34/57 MP: 9/9
  4270 | D:6      | Found a glowing golden altar of the Shining One.
  4316 | D:6      | Reached skill level 5 in Dodging
  4702 | D:7      | Reached **** piety under Trog
  5062 | D:7      | Demolished by an ogre

Levels and vault maps discovered:
D:1:      scummos_arrival_simple_fountains, layout_rooms
D:2:      layout_loops_cross, minmay_close_crescents
D:3:      layout_basic, nicolae_overflow_crystal_walls, first_ration,
          solitary_fountain, kennysheep_potato
D:4:      layout_rooms, overflow_temple_1_default, serial_shops, shop,
          shop_fountains
D:5:      layout_basic, makhleb_altar_promises_db
D:6:      layout_gridville, minmay_temple_entry_statues_fountains,
          nicolae_tso_swordbearing_angel, uniq_eustachio, uniq_edmund,
          uniq_grinder, uniq_blork_the_orc
D:7:      layout_rooms

Skill      XL: |  1  2  3  4  5  6  7  8  9 |
---------------+----------------------------+-----
Axes           | 3 4 5 6 |  6.3
Dodging        | 2 3 4 5 |  5.4
Armour         | 3 4 5 6 7 |  7.2
Fighting       | 4 5 7 |  7.7

Action                   |  1- 3 |  4- 6 |  7- 9 || total
-------------------------+-------+-------+-------++-------
Melee: Hand axe          |   100 |   119 |       ||   219
       War axe           |       |    51 |   293 ||   344
Invok: Berserk           |     1 |     4 |     3 ||     8
       Trog's Hand       |       |     1 |       ||     1
  Eat: Chunk             |       |    11 |    10 ||    21
Armor: Animal skin       |    14 |       |       ||    14
       Chain mail        |    39 |   144 |   236 ||   419
Dodge: Dodged            |    61 |   105 |   179 ||   345
